 Dungeon Crawl Stone Soup version 0.19.0-22-gd96e5fe (webtiles) character file.

21524 mmcf the Severer (level 12, 0/172 HPs)
             Began as a Minotaur Berserker on Nov 19, 2016.
             Was the Champion of Trog.
             Slain by a swamp dragon (12 damage)
             ... on level 2 of the Swamp.
             The game lasted 00:19:57 (12678 turns).

mmcf the Severer (Minotaur Berserker)              Turns: 12678, Time: 00:19:58

Health: 0/172      AC: 20    Str: 25    XL:     12   Next: 54%
Magic:  20/20      EV: 14    Int:  9    God:    Trog [******]
Gold:   400        SH:  0    Dex: 13    Spells: 0 memorised, 11 levels left

rFire  . . .     SeeInvis +     w - +2 war axe (freeze)
rCold  . . .     Gourm    .     U - +6 scale mail of Hairiness {Str-3 Int+4}
rNeg   . . .     Faith    .     (no shield)
rPois  .         Spirit   .     B - +2 hat {SInv}
rElec  .         Reflect  .     g - +0 cloak
rCorr  .         Harm     .     X - +2 pair of gloves
MR     .....                    (no boots)
Stlth  ..........               (no amulet)
                                m - ring of magical power
                                r - ring of flight

@: berserking, lethally poisoned (0 -> -50), very quick
A: retaliatory headbutt, horns 2
a: Berserk, Trog's Hand, Brothers in Arms, Burn Spellbooks, Renounce Religion,
Evoke Flight


You were on level 2 of the Swamp.
You worshipped Trog.
Trog was exalted by your worship.
You were very hungry.

You visited 3 branches of the dungeon, and saw 17 of its levels.
You also visited: Ossuary.

You collected 693 gold pieces.
You spent 293 gold pieces at shops.

Inventory:

Hand Weapons
 w - a +2 war axe of freezing (weapon)
Missiles
 p - 407 stones
 q - 7 silver javelins
 x - 2 throwing nets (quivered)
 y - 12 javelins
Armour
 g - a +0 cloak (worn)
 B - a +2 hat of see invisible (worn)
 E - a +2 chain mail of fire resistance
 U - the +6 scale mail of Hairiness (worn) {Str-3 Int+4}
   (You found it on level 2 of the Lair of Beasts)

   It affects your strength (-3).
   It affects your intelligence (+4).
 X - a +2 pair of gloves (worn)
Jewellery
 m - a ring of magical power (right hand)
 r - a ring of flight (left hand)
 v - a +1 ring of evasion {unknown}
 R - an uncursed ring of see invisible
Wands
 k - a wand of disintegration (12/24)
 z - a wand of acid (3/15)
 M - a wand of digging (11/24)
 Q - a wand of teleportation (5/9)
Scrolls
 b - 2 scrolls of blinking
 f - 7 scrolls of remove curse
 j - 2 scrolls of enchant armour
 s - 2 scrolls of recharging
 u - a scroll of enchant weapon
 A - 4 scrolls of teleportation
 C - a scroll of random uselessness {unknown}
Potions
 a - a potion of resistance
 d - 4 potions of agility
 e - 4 potions of haste
 h - 8 potions of curing
 i - 3 potions of might
 l - 2 potions of cancellation
 t - 4 potions of heal wounds
 D - 2 potions of cure mutation {unknown}
 G - a potion of berserk rage {unknown}
 H - a potion of degeneration {unknown}
 L - a potion of invisibility {unknown}
 N - a potion of flight {unknown}
Miscellaneous
 V - a lamp of fire
 W - a fan of gales
Comestibles
 c - 6 bread rations
 n - 3 slices of pizza
 o - 8 meat rations
 F - a beef jerky
 I - a royal jelly
 J - 3 chunks of flesh


   Skills:
 + Level 13.4 Fighting
 * Level 17.9 Axes
 - Level 6.6 Armour
 - Level 7.2 Dodging


You had 11 spell levels left.
You didn't know any spells.

Dungeon Overview and Level Annotations

Branches:
Dungeon (11/15)            Temple (0/1) D:6            Lair (3/6) D:11
  Swamp (3/4) Lair:2          Orc (0/2) D:10
  Snake: Lair:2-4    Spider: Lair:2-4

Altars:
Elyvilon
Fedhas
Hepliaklqana
Qazlal

Shops:
D:7 *   D:8 *


Innate Abilities, Weirdness & Mutations

You reflexively headbutt those who attack you in melee.
You have a pair of horns on your head.


Message History

You slash the swamp dragon! You freeze the swamp dragon.
The swamp dragon is lightly wounded.
You are engulfed in poison gas.
You are more poisoned.
* * * LOW HITPOINT WARNING * * *
x2 You feel very sick.
You barely miss the swamp dragon.
The swamp dragon is lightly wounded.
* * * LOW HITPOINT WARNING * * *
You feel sick. The swamp dragon completely misses you.
The swamp dragon claws you but does no damage.
The swamp dragon tramples you but does no damage.
Your unstable footing causes you to fumble your attack.
* * * LOW HITPOINT WARNING * * *
You feel very sick.
You slash the swamp dragon! You freeze the swamp dragon.
The swamp dragon is moderately wounded.
* * * LOW HITPOINT WARNING * * *
You feel sick. The swamp dragon bites you!
You die...

####..♣≈♣.≈≈♣.. ♣≈..≈≈♣♣.
..)..≈≈≈≈≈≈≈≈≈.♣♣♣.......
..).≈≈≈≈≈≈≈≈≈♣≈.♣♣.≈≈♣≈♣♣ .
≈≈≈.≈≈≈≈≈.≈≈≈≈≈≈...≈≈≈≈.♣.♣
≈≈≈.≈≈≈≈≈.≈≈≈≈...≈.≈≈.≈....
)≈....≈≈≈.≈≈.≈≈§...♣.≈≈♣...
♣.♣♣♣..≈.≈≈≈≈≈≈≈≈♣§%.≈≈≈♣.
♣♣♣ ♣♣≈≈.≈.§..≈§§§≈≈..≈≈≈.≈
♣♣≈...≈≈.§D@§≈≈≈.....≈
♣♣..≈≈♣≈§§≈.≈≈≈≈≈≈≈..
♣♣..≈≈≈≈§§>♣.≈≈§≈≈≈♣
♣♣≈♣≈≈≈≈≈≈♣≈≈≈≈≈≈.♣
♣≈≈♣≈§≈≈♣♣≈≈≈♣≈§♣♣
♣≈≈≈§≈..♣....≈..♣
♣♣%...§♣♣.≈≈.≈≈.♣
♣.≈≈≈..♣..≈≈≈≈≈≈♣
♣♣≈≈≈.♣..≈≈≈≈...♣


You could see a swamp dragon.

Vanquished Creatures
  3 alligators
  Urug (Lair:2)
  A swamp dragon (Swamp:1)
  3 hill giants (D:10)
  4 ugly things
  3 spiny frogs
  A kobold demonologist (D:11)
  2 komodo dragons
  3 hornets (Swamp:2)
  A two-headed ogre (D:9)
  Grinder (D:5)
  A tyrant leech (Swamp:3)
  2 bog bodies
  9 slime creatures
  Sigmund (D:3)
  A wraith (Ossuary)
  3 spriggans (Swamp:2)
  A shadow (D:11)
  3 yaks (Lair:1)
  A steam dragon (D:9)
  7 vampire mosquitoes
  Edmund (D:5)
  3 swamp worms (Swamp:2)
  3 water moccasins
  A porcupine (Lair:1)
  2 orc warriors (D:10)
  3 sky beasts
  2 black bears (D:9)
  2 swamp drakes (Swamp:2)
  3 ogres
  2 ice beasts
  2 phantoms
  6 wolves (Lair:2)
  3 centaurs
  5 crocodiles
  2 big kobolds
  6 bullfrogs
  A water moccasin skeleton (D:4)
  3 scorpions
  6 killer bees (D:10)
  5 wights (D:10)
  An electric eel (D:8)
  5 howler monkeys
  7 crimson imps
  11 hounds
  3 jellies
  A centaur zombie (D:10)
  8 orc priests
  A quasit (D:6)
  A gnoll shaman (D:9)
  Crazy Yiuf (D:3)
  4 iguanas
  10 orc wizards
  8 worker ants
  2 hound zombies
  A mummy (Ossuary)
  A worker ant zombie (D:10)
  7 gnolls
  11 adders
  3 shadow imps
  2 oozes (D:1)
  An adder skeleton (D:6)
  3 dart slugs
  6 leopard geckos
  28 orcs
  11 bats
  7 giant cockroaches
  9 goblins
  4 hobgoblins
  6 jackals (D:1)
  14 kobolds
  3 quokkas
  4 ball pythons
  6 frilled lizards
  A giant cockroach zombie (D:6)
  3 gnoll skeletons (Ossuary)
  A jackal zombie (D:7)
  4 kobold skeletons (Ossuary)
  A leopard gecko skeleton (D:4)
  6 orc skeletons (Ossuary)
  5 rats
  2 plants (D:11)
326 creatures vanquished.

Vanquished Creatures (collateral kills)
  4 ugly things (Swamp:1)
  A swamp drake (Swamp:1)
5 creatures vanquished.

Vanquished Creatures (others)
  2 fungi (Lair:2)
  A plant (Lair:2)
3 creatures vanquished.

Grand Total: 334 creatures vanquished

Notes
Turn   | Place    | Note
-------+----------+-------------------------------------------
     0 | D:1      | mmcf the Minotaur Berserker began the quest for the Orb.
     0 | D:1      | Reached XP level 1. HP: 19/19 MP: 0/0
   248 | D:1      | Reached XP level 2. HP: 27/27 MP: 1/1
   316 | D:2      | Reached skill level 4 in Axes
   422 | D:1      | Reached XP level 3. HP: 33/33 MP: 2/2
  1075 | D:2      | Found a white marble altar of Elyvilon.
  1096 | D:2      | Reached XP level 4. HP: 17/40 MP: 3/3
  1107 | D:2      | Reached ** piety under Trog
  1541 | D:2      | Reached skill level 5 in Axes
  1854 | D:3      | Found a blossoming altar of Fedhas.
  2354 | D:3      | Found a runed door.
  2409 | D:3      | Noticed Sigmund
  2416 | D:3      | Killed Sigmund
  2416 | D:3      | Reached skill level 6 in Axes
  2416 | D:3      | Reached XP level 5. HP: 17/47 MP: 4/4
  2416 | D:3      | Reached XP level 6. HP: 19/53 MP: 5/5
  2885 | D:3      | Noticed Crazy Yiuf
  2889 | D:3      | Killed Crazy Yiuf
  3079 | D:4      | Reached skill level 5 in Fighting
  3122 | D:5      | Entered Level 5 of the Dungeon
  3334 | D:4      | Reached XP level 7. HP: 40/61 MP: 6/6
  3497 | D:4      | Reached *** piety under Trog
  3497 | D:4      | Reached skill level 7 in Axes
  3606 | D:4      | Reached skill level 5 in Armour
  3967 | D:5      | Noticed Edmund
  3981 | D:5      | Killed Edmund
  3981 | D:5      | Reached skill level 8 in Axes
  3981 | D:5      | Reached XP level 8. HP: 34/70 MP: 7/7
  4124 | D:5      | Reached skill level 5 in Dodging
  4507 | D:6      | Received a gift from Trog
  4664 | D:5      | Noticed Grinder
  4675 | D:5      | Killed Grinder
  4675 | D:5      | Reached skill level 9 in Axes
  4918 | D:7      | Found a sand-covered staircase.
  4942 | Ossuary  | Entered an ossuary
  5075 | Ossuary  | Reached **** piety under Trog
  5109 | D:6      | Reached skill level 10 in Axes
  5109 | D:6      | Reached XP level 9. HP: 79/79 MP: 8/8
  5576 | D:6      | Found a staircase to the Ecumenical Temple.
  5604 | D:6      | Reached skill level 11 in Axes
  6061 | D:7      | Found a faded altar of an unknown god.
  6061 | D:7      | Found a faded altar of an unknown god.
  6066 | D:7      | Found a faded altar of an unknown god.
  6068 | D:7      | Found a faded altar of an unknown god.
  6070 | D:7      | Found a stormy altar of Qazlal.
  6594 | D:7      | Found Rerev's Assorted Antiques.
  6600 | D:7      | Bought a coppery potion for 30 gold pieces
  6600 | D:7      | Bought a bubbling white potion for 30 gold pieces
  6600 | D:7      | Bought a scroll of identify for 68 gold pieces
  6643 | D:8      | Found a hazy altar of Hepliaklqana.
  6857 | D:8      | Found Onyosog's Assorted Antiques.
  6860 | D:8      | Bought a scroll of teleportation for 84 gold pieces
  6860 | D:8      | Bought a scroll of identify for 56 gold pieces
  6861 | D:8      | Bought a glowing purple potion for 25 gold pieces
  7319 | D:8      | Reached skill level 12 in Axes
  7388 | D:9      | Reached ***** piety under Trog
  7642 | D:9      | Reached XP level 10. HP: 76/91 MP: 9/9
  8205 | D:10     | Entered Level 10 of the Dungeon
  8235 | D:10     | Noticed a hill giant
  8250 | D:10     | Killed a hill giant
  8685 | D:10     | Reached skill level 13 in Axes
  8705 | D:10     | Noticed a hill giant
  8708 | D:10     | Noticed a hill giant
  8716 | D:10     | Killed a hill giant
  8716 | D:10     | Reached skill level 10 in Fighting
  8720 | D:10     | Killed a hill giant
  9126 | D:10     | Found a staircase to the Orcish Mines.
  9436 | D:10     | Reached skill level 14 in Axes
  9642 | D:11     | Noticed a white ugly thing
  9650 | D:11     | Killed a white ugly thing
  9650 | D:11     | Reached XP level 11. HP: 64/101 MP: 10/10
  9824 | D:11     | Noticed a cyan ugly thing
  9825 | D:11     | Found a staircase to the Lair.
  9831 | D:11     | Killed a cyan ugly thing
  9943 | Lair:1   | Entered Level 1 of the Lair of Beasts
 10101 | Lair:2   | Got a twisted scale mail
 10124 | Lair:2   | Identified the +6 scale mail of Hairiness {Str-3 Int+4} (You found it on level 2 of the Lair of Beasts)
 10177 | Lair:2   | Reached skill level 15 in Axes
 10871 | Lair:2   | Found a staircase to the Swamp.
 10889 | Lair:2   | Noticed Urug
 10901 | Lair:2   | Killed Urug
 11336 | Swamp:1  | Entered Level 1 of the Swamp
 11411 | Swamp:1  | Noticed a purple ugly thing
 11412 | Swamp:1  | Noticed a purple ugly thing
 11413 | Swamp:1  | Noticed a purple ugly thing
 11413 | Swamp:1  | Noticed a purple ugly thing
 11414 | Swamp:1  | Noticed a purple ugly thing
 11414 | Swamp:1  | Noticed a purple ugly thing
 11419 | Swamp:1  | Received a gift from Trog
 11420 | Swamp:1  | Noticed a swamp dragon
 11422 | Swamp:1  | Killed a red ugly thing
 11423 | Swamp:1  | Killed a red ugly thing
 11423 | Swamp:1  | Reached skill level 16 in Axes
 11425 | Swamp:1  | Killed a purple ugly thing
 11426 | Swamp:1  | Killed a purple ugly thing
 11430 | Swamp:1  | Killed a swamp dragon
 11432 | Swamp:1  | Killed a cyan ugly thing
 11433 | Swamp:1  | Killed a cyan ugly thing
 11481 | Swamp:1  | Noticed an alligator
 11494 | Swamp:1  | Killed an alligator
 11494 | Swamp:1  | Reached XP level 12. HP: 83/113 MP: 11/11
 11867 | Swamp:2  | Noticed an alligator
 11878 | Swamp:2  | Killed an alligator
 11896 | Swamp:2  | Noticed an alligator
 11908 | Swamp:2  | Killed an alligator
 11908 | Swamp:2  | Reached skill level 17 in Axes
 12428 | Swamp:3  | Reached ****** piety under Trog
 12678 | Swamp:2  | Slain by a swamp dragon

Skill      XL: |  1  2  3  4  5  6  7  8  9 10 11 12 |
---------------+-------------------------------------+-----
Axes           | 4 6 8 10 12 14 16 17 | 17.9
Fighting       | 4 5 6 7 9 10 12 13 | 13.4
Armour         | 3 4 5 6 |  6.6
Dodging        | 3 4 5 6 7 |  7.2

Action                   |  1- 3 |  4- 6 |  7- 9 | 10-12 || total
-------------------------+-------+-------+-------+-------++-------
Melee: Hand axe          |    81 |   110 |    96 |       ||   287
       Headbutt          |     6 |    14 |    68 |    84 ||   172
       War axe           |       |       |   255 |   387 ||   642
Invok: Berserk           |     1 |     2 |     2 |     8 ||    13
       Burn Spellbooks   |       |       |     3 |     1 ||     4
       Brothers in Arms  |       |       |       |     1 ||     1
       Trog's Hand       |       |       |       |     1 ||     1
  Use: Scroll            |       |     6 |     8 |     9 ||    23
       Potion            |       |       |       |     2 ||     2
  Eat: Chunk             |     2 |     8 |    16 |    18 ||    44
       Royal jelly       |       |       |       |     1 ||     1
       Beef jerky        |       |       |       |     2 ||     2
Armor: Animal skin       |    24 |     3 |       |       ||    27
       Chain mail        |       |    41 |   151 |    55 ||   247
       Scale mail        |       |       |       |    90 ||    90
Dodge: Dodged            |    65 |    46 |   154 |   186 ||   451
